 Dungeon Crawl Stone Soup version 0.26-a0-852-g6321bf7485 (webtiles) character file.

Game seed: 8362299437119573587

6608 tatocazan the Spear-Bearer (level 10, -5/77 HPs)
             Began as a Demonspawn Gladiator on Nov 19, 2020.
             Was an Initiate of Ru.
             Killed by divine providence
             ... invoked by an orc priest
              (10 damage)
             ... on level 1 of the Orcish Mines on Nov 21, 2020.
             The game lasted 00:29:06 (14663 turns).

tatocazan the Spear-Bearer (Demonspawn Gladiator)  Turns: 14663, Time: 00:29:07

Health: -5/77      AC: 13    Str: 16    XL:     10   Next: 71%
Magic:  0/19       EV: 12    Int:  9    God:    Ru [......]
Gold:   437        SH:  0    Dex: 15    Spells: 9/9 levels left

rFire    . . .     SeeInvis .   a - +1 trident
rCold    . . .     Faith    .   (no shield)
rNeg     + . .     Spirit   +   g - +0 scale mail {MR+}
rPois    .         Reflect  .   (helmet unavailable)
rElec    .         Harm     .   o - +2 cloak {Stlth+}
rCorr    .         Rampage  .   t - +0 pair of gloves
MR       +....                  (no boots)
Stlth    ..........             (no amulet)
HPRegen  0.22/turn              B - ring of positive energy
MPRegen  0.16/turn              l - ring of magical power

@: no status effects
A: beak, horns 3, icy blue scales 1, blink, powered by death 1, weak 1,
evolution 1, magic shield, no stealth
a: Blink, Renounce Religion


You were on level 1 of the Orcish Mines.
You worshipped Ru.
Ru was noncommittal.
You visited 2 branches of the dungeon, and saw 10 of its levels.

You collected 437 gold pieces.

Inventory:

Hand Weapons
 a - a +1 trident (weapon)
 p - a cursed +0 dagger
 u - a +1 vampiric dagger
Missiles
 d - 2 throwing nets (quivered)
Armour
 g - a +0 scale mail of magic resistance (worn)
 o - a +2 cloak of stealth (worn)
 t - a +0 pair of gloves (worn)
Jewellery
 l - a ring of magical power (right hand)
 x - an uncursed ring of ice
 B - a ring of positive energy (left hand)
Wands
 b - a wand of iceblast (8)
 c - a wand of digging (9)
 v - a wand of disintegration (17)
 z - a wand of enslavement (10)
Scrolls
 f - a scroll of immolation
 h - a scroll of enchant weapon
 i - a scroll of silence {unknown}
 j - 9 scrolls of remove curse
 m - 5 scrolls of identify
 r - 2 scrolls of fog
 A - a scroll of amnesia
Potions
 e - a potion of mutation
 w - 4 potions of attraction


   Skills:
 + Level 6.6 Fighting
 * Level 11.9 Polearms
 + Level 2.3 Throwing
 + Level 4.9 Armour
 + Level 5.5 Dodging


You had 9 spell levels left.
You didn't know any spells.
Your spell library contained the following spells:

 Spells                   Type           Power        Failure   Level
 Magic Dart               Conj           #...         80%         1
 Blink                    Tloc           N/A          90%         2
 Call Imp                 Summ           #.......     90%         2
 Slow                     Hex            #.......     90%         2
 Conjure Flame            Conj/Fire      #.......     99%         3
 Mephitic Cloud           Conj/Pois/Air  #.......     99%         3


Dungeon Overview and Level Annotations

Branches:
Dungeon (9/15)             Temple (0/1) D:7            Lair (0/6) D:9
    Orc (1/2) D:9

Altars:
Cheibriados
Dithmenos
Elyvilon
Fedhas
Gozag
Kikubaaqudgha
Nemelex Xobeh
Ru
Sif Muna
Uskayaw
Vehumet
Wu Jian
Yredelemnul
The Shining One

Annotations:
D:9 Maggie


Innate Abilities, Weirdness & Mutations

You have a pair of large horns on your head.
You are partially covered in icy blue scales. (AC +2)
You regenerate a little health from kills.
When hurt, damage is shared between your health and your magic reserves.
You cannot be stealthy.
You have a beak for a mouth.
You can translocate small distances at will.
You are weak. (Str -2)
You evolve.


Message History

* * * LOW HITPOINT WARNING * * *
The troll barely misses you. The troll closely misses you.
The orc wizard misses you. The orc closely misses you.
The orc warrior hits you with a +0 hand axe.
* * * LOW HITPOINT WARNING * * *
The troll bites you but does no damage. The troll claws you.
* * * LOW HITPOINT WARNING * * *
The troll claws you.
* * * LOW HITPOINT WARNING * * *
The orc wizard hits you but does no damage.
Unknown command.
The orc barely misses you. The troll misses you.
The troll claws you but does no damage. x2
The orc warrior hits you but does no damage.
An orc comes into view. It is wielding a +0 falchion.
The orc wizard completely misses you. The orc hits you but does no damage.
The orc wizard closely misses you. The orc closely misses you.
The orc priest mumbles some strange prayers to Beogh against you.
Beogh smites you!
You die...

..........#......#
#...............##
#.........#.......##
#..................#
..............o#.##
#......##oo.o(# #
##......#oo.o.##
#.....ooooCT..# .
#........#@oO##
....#......##.o.#
.....#..o.###...#
#.....<#.# ##.##
...........# ###
..........#.#
............oo
.......#.##.o.o
#....##### ##oo.


You could see a stone giant, a troll, an orc warrior, an ogre, an orc priest, 3
orc wizards and 8 orcs.

Vanquished Creatures
  Harold (D:7)
  Pikel (D:7)
  A gargoyle (D:9)
  A komodo dragon (D:9)
  Prince Ribbit (D:9)
  A vampire (D:9)
  2 wraiths (D:8)
  Menkaure (D:7)
  A warg (D:9)
  4 orc warriors
  A necrophage (D:8)
  A hornet zombie (D:5)
  3 sky beasts
  A phantom (D:9)
  An ogre (D:9)
  4 centaurs
  A gnoll sergeant (D:7)
  8 bullfrogs
  2 elf zombies (D:8)
  A wyvern skeleton (D:7)
  A water moccasin skeleton (D:8)
  2 scorpions
  A troll zombie (D:8)
  3 killer bees (D:8)
  9 wights (D:7)
  A howler monkey (D:7)
  A bullfrog zombie (D:9)
  4 jellies
  5 hounds
  6 orc wizards
  2 orc priests
  2 human zombies (D:8)
  2 human skeletons (D:8)
  3 iguanas
  5 worker ants
  A howler monkey zombie (D:5)
  2 mummies (D:8)
  2 hound skeletons
  8 gnolls
  9 adders
  A river rat (D:4)
  A shadow imp (D:5)
  A white imp (D:7)
  2 ufetubi
  An ooze (D:2)
  3 worms
  4 leopard geckos
  23 orcs
  4 bats
  7 giant cockroaches
  9 goblins
  11 hobgoblins
  20 jackals
  6 quokkas
  2 ball pythons
  9 frilled lizards
  A jackal skeleton (D:5)
  6 kobolds
  A leopard gecko skeleton (D:4)
  A leopard gecko zombie (D:6)
  A quokka zombie (D:5)
  10 rats
230 creatures vanquished.

Vanquished Creatures (others)
  2 plants (D:9)
2 creatures vanquished.

Grand Total: 232 creatures vanquished

Notes
Turn   | Place    | Note
-------+----------+-------------------------------------------
     0 | D:1      | tatocazan the Demonspawn Gladiator began the quest for the
                  | Orb.
     0 | D:1      | Reached XP level 1. HP: 16/16 MP: 1/1
   199 | D:1      | Gained mutation: When hurt, damage is shared between your
                  | health and your magic reserves. [demonic ancestry]
   199 | D:1      | Reached XP level 2. HP: 22/22 MP: 2/2
   861 | D:2      | Reached skill level 3 in Polearms
   911 | D:2      | Reached XP level 3. HP: 26/27 MP: 3/3
  2241 | D:2      | Gained mutation: You are partially covered in icy blue
                  | scales. (AC +2) [demonic ancestry]
  2241 | D:2      | Reached XP level 4. HP: 25/33 MP: 2/4
  2467 | D:2      | Found a sacrificial altar of Ru.
  2693 | D:3      | Found a snail-covered altar of Cheibriados.
  2725 | D:3      | Noticed a +0 dagger
  2726 | D:3      | Found a hide-covered altar of Uskayaw.
  2726 | D:3      | Noticed a +0 hand axe
  2738 | D:3      | Reached skill level 1 in Armour
  3015 | D:3      | Found an ancient bone altar of Kikubaaqudgha.
  3069 | D:3      | Reached skill level 4 in Polearms
  3069 | D:3      | Reached XP level 5. HP: 24/39 MP: 1/5
  3724 | D:3      | Gained mutation: You can translocate small distances at
                  | will. [potion of mutation]
  3724 | D:3      | Gained mutation: Your spells are a little harder to cast,
                  | but a little more powerful. [potion of mutation]
  3724 | D:3      | Gained mutation: You are resistant to hostile enchantments.
                  | (MR+) [potion of mutation]
  4479 | D:2      | Became a worshipper of Ru the Awakened
  4497 | D:4      | Noticed a sky beast
  4504 | D:4      | Killed a sky beast
  4505 | D:4      | Reached XP level 6. HP: 40/46 MP: 4/6
  4765 | D:4      | Reached skill level 5 in Polearms
  5278 | D:4      | Found a shadowy altar of Dithmenos.
  5561 | D:5      | Entered Level 5 of the Dungeon
  5621 | D:5      | Gained mutation: You regenerate a little health from kills.
                  | [demonic ancestry]
  5621 | D:5      | Reached XP level 7. HP: 45/52 MP: 5/7
  5646 | D:5      | Reached skill level 6 in Polearms
  6363 | D:5      | Found an ornate altar of the Wu Jian Council.
  6655 | D:6      | Reached skill level 7 in Polearms
  6725 | D:6      | Reached XP level 8. HP: 54/58 MP: 8/8
  6951 | D:6      | HP: 3/60 [centaur/arrow (7)]
  7336 | D:6      | Upgraded the game from 0.26-a0-846-gcc8f1ee719 to
                  | 0.26-a0-852-g6321bf7485
  7378 | D:6      | Reached skill level 8 in Polearms
  8678 | D:7      | Found an opulent altar of Gozag.
  8689 | D:7      | Noticed Menkaure
  8704 | D:7      | Killed Menkaure
  9364 | D:7      | Noticed Harold
  9427 | D:7      | Killed Harold
  9428 | D:7      | Reached skill level 9 in Polearms
  9428 | D:7      | Gained mutation: You have a pair of small horns on your
                  | head. [demonic ancestry]
  9428 | D:7      | Reached XP level 9. HP: 66/66 MP: 6/9
  9894 | D:7      | Found a blossoming altar of Fedhas.
  9930 | D:7      | Reached skill level 10 in Polearms
 10080 | D:7      | Lost mutation: Your spells are a little harder to cast, but
                  | a little more powerful. [potion of mutation]
 10080 | D:7      | Lost mutation: You are resistant to hostile enchantments.
                  | (MR+) [potion of mutation]
 10080 | D:7      | Gained mutation: You evolve. [potion of mutation]
 10080 | D:7      | Gained mutation: You have a pair of horns on your head.
                  | [potion of mutation]
 10080 | D:7      | Gained mutation: You have a beak for a mouth. [potion of
                  | mutation]
 10173 | D:7      | Gained mutation: You have a pair of large horns on your
                  | head. [evolution]
 10215 | D:7      | Reached skill level 5 in Dodging
 10263 | D:7      | Noticed Pikel
 10280 | D:7      | Killed Pikel
 10422 | D:7      | Found a staircase to the Ecumenical Temple.
 10438 | D:7      | Reached skill level 5 in Fighting
 10774 | D:8      | Got a heavily runed ring mail
 10785 | D:8      | Identified the +1 ring mail "Buem" {rElec Str-2 Int-3 SInv}
                  | (You found it on level 8 of the Dungeon)
 10825 | D:8      | Reached skill level 11 in Polearms
 10860 | D:8      | Found a sparkling altar of Nemelex Xobeh.
 10860 | D:8      | Found a radiant altar of Vehumet.
 10893 | D:8      | Found a basalt altar of Yredelemnul.
 10899 | D:8      | Reached XP level 10. HP: 74/74 MP: 10/10
 11636 | D:8      | HP: 2/74 [killer bee (6)]
 12720 | D:9      | Found a sacrificial altar of Ru.
 12837 | D:9      | Noticed Prince Ribbit
 12859 | D:9      | Killed Prince Ribbit
 12983 | D:9      | Found a staircase to the Orcish Mines.
 13479 | D:9      | Noticed a gargoyle
 13496 | D:9      | Killed a gargoyle
 13652 | D:9      | Gained mutation: You are weak. (Str -2) [evolution]
 14274 | D:9      | Gained mutation: You cannot be stealthy. [Ru sacrifice]
 14292 | D:9      | Found a glowing golden altar of the Shining One.
 14292 | D:9      | Found a white marble altar of Elyvilon.
 14293 | D:9      | Found a shimmering blue altar of Sif Muna.
 14481 | D:9      | Found a staircase to the Lair.
 14612 | D:9      | Noticed Maggie
 14641 | Orc:1    | Entered Level 1 of the Orcish Mines
 14648 | Orc:1    | Noticed a stone giant
 14663 | Orc:1    | Killed from afar by an orc priest

Illustrated notes

Levels and vault maps discovered:
D:1:      dpeg_arrival_rhombus, layout_loops_corners
D:2:      layout_rooms, nicolae_overflow_hidden_temple
D:3:      layout_rooms, dancing_weapons_uskayaw, kiku_gazebo_pond_becter,
          lemuel_crystal_altar
D:4:      layout_loops_cross, kennysheep_little_box, gup_sewer_entry_bubbles,
          moated_statue
D:5:      layout_rooms, lemuel_doored_altar
D:6:      layout_basic, minmay_misc_feat_four_crosses, nrook_campfire
D:7:      layout_basic, old_standard_altar, minmay_temple_entry_ruins,
          basic_altar, uniq_harold, uniq_pikel, uniq_menkaure
D:8:      layout_basic, lemuel_mausoleum_altar_yredelemnul,
          gammafunk_temple_overflow_elements
D:9:      layout_basic, gammafunk_temple_overflow_claw, david_lair_shrubbed,
          david_orc_1_choice, corexii_leaking_fountain,
          kennysheep_cluttered_room, nicolae_ru_great_annihilating_truth,
          uniq_maggie, uniq_prince_ribbit1
Orc:1:    lemuel_ogre_cave, layout_caves, serial_shops, nicolae_shop_crystal,
          minmay_shop_mass

Skill      XL: |  1  2  3  4  5  6  7  8  9 10 |
---------------+-------------------------------+-----
Dodging        | 3 4 5 |  5.5
Polearms       | 3 4 5 7 9 11 | 11.9
Armour         | 1 2 3 4 |  4.9
Fighting       | 3 4 5 6 |  6.6
Throwing       | 2 |  2.3

Action                   |  1- 3 |  4- 6 |  7- 9 | 10-12 || total
-------------------------+-------+-------+-------+-------++-------
Melee: Trident           |   113 |   283 |   498 |   302 ||  1196
       Headbutt          |       |       |    24 |    70 ||    94
       Peck              |       |       |    16 |    50 ||    66
Throw: Dart              |       |       |     7 |     5 ||    12
       Throwing net      |       |       |     2 |     2 ||     4
Invok: Reject Sacrifices |       |       |     1 |       ||     1
       Sacrifice Stealth |       |       |       |     1 ||     1
  Use: Scroll            |       |     9 |     3 |     3 ||    15
       Potion            |       |     4 |    10 |     7 ||    21
 Stab: Sleeping          |     2 |       |     1 |       ||     3
       Invisible         |       |       |     2 |     1 ||     3
       Held in net/web   |       |       |     1 |       ||     1
       Paralysed         |       |       |       |     1 ||     1
Armor: Leather armour    |    33 |     4 |    67 |       ||   104
       Ring mail         |       |   107 |    33 |       ||   140
       Skin              |       |       |    15 |       ||    15
       Scale mail        |       |       |    16 |   110 ||   126
Dodge: Dodged            |    86 |   182 |   245 |   155 ||   668

Table legend: (Time is in decaauts)
 A = Elapsed time spent in this place.
 B = Non-inter-level travel time spent in this place.
 C = Inter-level travel time spent in this place.
 D = Time resting spent in this place.
 E = Time spent auto-exploring this place.
 F = Levels seen in this place.
 G = Mean time per level.
                   A        B        C        D        E       F      G
               +--------+--------+--------+--------+--------+-----+--------+
         Total |  14625 |  14304 |    321 |   6898 |   5315 |  10 | 1462.5 |
       Dungeon |  14604 |  14283 |    321 |   6898 |   5315 |   9 | 1622.7 |
  Orcish Mines |     21 |     21 |      0 |      0 |      0 |   1 |   21.0 |
               +--------+--------+--------+--------+--------+-----+--------+

Top non-repeatable levels by time:
     D:1: 2102 daAuts
     D:7: 2082 daAuts
     D:9: 2004 daAuts
     D:6: 1999 daAuts
     D:8: 1787 daAuts
     D:2: 1324 daAuts
     D:3: 1139 daAuts
     D:4: 1093 daAuts
     D:5: 1071 daAuts
   Orc:1: 21 daAuts
